 Dungeon Crawl Stone Soup version 0.29-a0-330-g52719c12eb (webtiles) character file.

Game seed: 14486850519592253545

1826 iguanaiguana the Cleaver (level 9, -5/61 (65) HPs)
             Began as a Formicid Abyssal Knight on Apr 13, 2022.
             Was an Elder of Lugonu.
             Slain by a gnoll
             ... wielding a +0 halberd
              (10 damage)
             ... on level 6 of the Dungeon.
             The game lasted 00:21:41 (8367 turns).

iguanaiguana the Cleaver (Formicid Abyssal Knight)  Turns: 8367, Time: 00:21:41

HP:   -5/61 (65)    AC:  9    Str: 34    XL:     9   Next: 32%
MP:   13/13         EV:  9    Int: 10    God:    Lugonu [****..]
Gold: 411           SH:  0    Dex: 11    Spells: 8/8 levels left

rFire   . . .      SeeInvis +   a - +0 battleaxe (vorpal)
rCold   . . .      Faith    +   (no shield)
rNeg    . . .      Spirit   .   A - +0 chain mail
rPois   .          Reflect  .   (helmet unavailable)
rElec   .          Harm     .   (no cloak)
rCorr   .          Rampage  .   (no gloves)
Will    .....                   (no boots)
Stlth   ..........              s - amulet of faith
HPRegen 0.20/turn               f - +6 ring of strength
MPRegen 0.13/turn               l - +6 ring of strength

@: drained
A: permanent stasis, dig shafts and tunnels, antennae 3, four strong arms
a: Dig, Shaft Self, Renounce Religion, Depart the Abyss, Bend Space, Banish,
Corrupt


You were on level 6 of the Dungeon.
You worshipped Lugonu.
Lugonu was greatly pleased with you.
You visited 1 branch of the dungeon, and saw 6 of its levels.
You visited the Abyss 1 time.

You collected 411 gold pieces.

Inventory:

Hand Weapons
 a - a +0 vorpal battleaxe (weapon)
 b - the +1 hunting sling "Biqyshrun" {vorpal, rN+ Str+4}
   (You found it on level 5 of the Dungeon)

   Any ammunition fired from it inflicts extra damage upon your enemies.
   Str:       It affects your strength (+4).
   rN:        It protects you from negative energy.
 B - a +1 hand axe
Missiles
 i - 20 poisoned darts
Armour
 d - a +0 tower shield
 k - a +0 ring mail
 A - a +0 chain mail (worn)
 F - a +0 leather armour
Jewellery
 f - a +6 ring of strength (left hand)
 g - a ring of flight
 h - a ring of resist corrosion
 l - a +6 ring of strength (right hand)
 s - an amulet of faith (around neck)
 y - a ring of ice
Wands
 o - a wand of polymorph (13)
 C - a wand of iceblast (10) {@v2}
 E - a wand of charming (11)
Scrolls
 c - 3 scrolls of fear
 m - a scroll of fog
 r - a scroll of magic mapping {unknown}
 D - a scroll of vulnerability
 G - a scroll of amnesia
Potions
 e - 3 potions of magic
 j - a potion of curing {@q1}
 n - a potion of might {unknown}
 p - a potion of brilliance {unknown}
 q - a potion of lignification {unknown}
 v - a potion of degeneration {unknown}
 w - a potion of flight {unknown}
 z - a potion of mutation {unknown}
 H - a potion of attraction {unknown}


   Skills:
 - Level 4.0 Fighting
 * Level 12.3 Axes
 - Level 3.1 Armour
 - Level 0.9 Dodging
 - Level 4.1 Shields
 + Level 6.0 Invocations


You had 8 spell levels left.
You didn't know any spells.
Your spell library contained the following spells:

 Spells                   Type           Power      Damage    Failure   Level
 Dazzling Flash           Conj/Hex       0%         N/A       99%         3
 Iskenderun's Mystic Bla  Conj/Tloc      0%         2d3       100%        4
 Starburst                Conj/Fire      0%         6d3       100%        6


Dungeon Overview and Level Annotations

Branches:
Dungeon (6/15)             Temple (0/1) D:6

Altars:
Cheibriados
Hepliaklqana
Vehumet

Shops:
D:6 *


Innate Abilities, Weirdness & Mutations

You cannot be hasted, slowed, berserked, paralysed or teleported.
You can dig through walls and to a lower floor.
You have a pair of large antennae on your head. (SInv)
Your four strong arms can wield two-handed weapons with a shield.


Message History

You closely miss the gnoll shaman.
The gnoll shaman is almost dead.
The gnoll hits you from afar with a +0 spear.
The gnoll shaman closely misses you.
You barely miss the gnoll shaman.
The gnoll shaman is almost dead.
The gnoll hits you but does no damage.
The gnoll shaman calls upon its god to speed up the gnoll.
The gnoll seems to speed up.
You closely miss the gnoll shaman.
The gnoll shaman is almost dead.
The gnoll hits you from afar with a +0 spear.
The gnoll shaman hits you but does no damage.
The gnoll hits you from afar with a +0 spear.
You barely miss the gnoll shaman. You punch the gnoll shaman.
You kill the gnoll shaman!
Lugonu accepts your kill.
The gnoll hits you from afar with a +0 spear!
* * * LOW HITPOINT WARNING * * *
The gnoll hits you but does no damage.
The gnoll hits you from afar with a +0 halberd!
* * * LOW HITPOINT WARNING * * *
The gnoll hits you but does no damage.
Items here: )) [ ††.
You slice the gnoll!!
You kill the gnoll!
Lugonu accepts your kill. The gnoll closely misses you. x2
Your Invocations skill increases to level 6!
The gnoll hits you with a +0 halberd!
* * * LOW HITPOINT WARNING * * *
Things that are here:
a +0 spear; a gnoll corpse You closely miss the gnoll.
The gnoll barely misses you.
You closely miss the gnoll. The gnoll hits you with a +0 halberd.
* * * LOW HITPOINT WARNING * * *
You barely miss the gnoll. The gnoll hits you with a +0 halberd.
* * * LOW HITPOINT WARNING * * *
You closely miss the gnoll. The gnoll hits you with a +0 halberd!
You die...

### #...#.#
#.#######.#.#.#
......#...#.#.#
..###..[#.#.#.#
....#.#.#.#.#.#
....#.#.###.#.#
....#.#.#.#.#.#
....#.#.#.#.#.#######
<.#...#.....#.))@g..#
).##..#.....#######..#
#..............# #
#............#.#.....
##......##.....#.####
######.##....#.#.#
######.##......#.#
..#....##......#...
#.#.#####......####


You could see a gnoll.

Vanquished Creatures
  Eustachio (D:5)
  A steam dragon (D:6)
  2 black bears
  An ogre (D:5)
  A phantom (D:4)
  A bullfrog (D:6)
  Blork the orc (D:6)
  A scorpion (D:6)
  A necrophage (D:6)
  3 wights
  A hound (D:4)
  2 jellies
  2 gnoll shamans
  Jessica (D:3)
  Ijyb (D:5)
  3 iguanas
  An orc wizard (D:5)
  Natasha (thrice) (D:2)
  14 gnolls
  9 adders
  A worm (D:2)
  4 dart slugs
  10 orcs
  11 ball pythons
  8 endoplasms
  2 giant cockroaches
  11 hobgoblins
  4 kobolds
  3 quokkas
  11 bats
  4 frilled lizards
  10 goblins
  5 rats
134 creatures vanquished.

Vanquished Creatures (others)
  An orc (D:6)
  18 plants
19 creatures vanquished.

Grand Total: 153 creatures vanquished

Notes
Turn   | Place    | Note
-------+----------+-------------------------------------------
     0 | Abyss:1  | iguanaiguana the Formicid Abyssal Knight began the quest
                  | for the Orb.
     0 | Abyss:1  | Reached XP level 1. HP: 18/18 MP: 2/2
    40 | Abyss:1  | Noticed a flying skull
    53 | Abyss:1  | Noticed a large abomination
    56 | D:1      | Escaped the Abyss
   106 | D:1      | Reached ** piety under Lugonu
   261 | D:1      | Reached XP level 2. HP: 24/24 MP: 3/3
   437 | D:1      | Found a faded altar of an unknown god.
   841 | D:1      | Reached XP level 3. HP: 27/29 MP: 5/5
  1569 | D:2      | Reached skill level 10 in Axes
  1569 | D:2      | Reached XP level 4. HP: 35/35 MP: 6/6
  1608 | D:2      | Noticed Natasha
  1614 | D:2      | Killed Natasha
  1690 | D:2      | Reached XP level 5. HP: 41/41 MP: 7/7
  1812 | D:2      | Noticed Natasha
  1821 | D:2      | Killed Natasha
  1968 | D:2      | Noticed Natasha
  1977 | D:2      | Killed Natasha
  2186 | D:2      | Found a radiant altar of Vehumet.
  2459 | D:3      | Reached XP level 6. HP: 46/48 MP: 8/8
  2462 | D:3      | Reached *** piety under Lugonu
  2509 | D:3      | Reached skill level 11 in Axes
  2614 | D:3      | Noticed Jessica
  2617 | D:3      | Killed Jessica
  3458 | D:3      | HP: 2/48 [gnoll/+0 whip (4)]
  3732 | D:4      | Reached XP level 7. HP: 50/53 MP: 10/10
  4061 | D:4      | Reached skill level 1 in Shields
  4605 | D:4      | Reached **** piety under Lugonu
  5216 | D:5      | Entered Level 5 of the Dungeon
  5264 | D:4      | Identified the +8 short sword of Poverty {spect, MP+9 Dex+3
                  | Stlth+}
  5304 | D:5      | Noticed Ijyb
  5348 | D:5      | Killed Ijyb
  5439 | D:5      | Found a snail-covered altar of Cheibriados.
  5482 | D:5      | Found a hazy altar of Hepliaklqana.
  5489 | D:5      | Reached XP level 8. HP: 36/60 MP: 11/11
  5802 | D:5      | Noticed Eustachio
  5820 | D:5      | Killed Eustachio
  5987 | D:5      | Identified the +1 hunting sling "Biqyshrun" {vorpal, rN+
                  | Str+4}
  6474 | D:6      | Found Goroar's General Store.
  6522 | D:6      | Noticed Blork the orc
  6553 | D:6      | Killed Blork the orc
  6669 | D:6      | HP: 3/60 [something (8)]
  6670 | D:6      | Reached skill level 5 in Invocations
  7225 | D:5      | Reached XP level 9. HP: 62/64 MP: 12/12
  7262 | D:6      | Reached skill level 12 in Axes
  7756 | D:6      | Found a staircase to the Ecumenical Temple.
  8367 | D:6      | Slain by a gnoll

Illustrated notes

Levels and vault maps discovered:
D:1:      minmay_arrival_wavy_path, layout_loops_cross,
          chequers_ecumenical_altar_lobes, chequers_big_river,
          chequers_serial_rivers_room_b, st_stairs_2, minmay_split_cup_large
D:2:      layout_loops_cross, basic_altar, uniq_natasha
D:3:      layout_loops_ring, uniq_jessica
D:4:      layout_loops_ring, serial_bayou_lagoon_b
D:5:      layout_basic, kennysheep_slug_shrine, overflow_temple_1_default,
          uniq_eustachio, uniq_ijyb
D:6:      layout_cave_pools, minmay_temple_entry_large_hall, serial_shops,
          nicolae_stop_n_shop_1, serial_co_window_serial, co_window_corner_a,
          co_window_corner_a, co_window_paths_a, co_window_of_opportunity_a,
          co_window_paths_b, co_window_corner_cb, co_window_corner_b,
          co_window_of_opportunity_c, co_window_sun, co_window_4corner_a,
          glass_columns_c, glass_columns_b, glass_columns_a, uniq_blork_the_orc,
          uniq_edmund

Skill      XL: |  1  2  3  4  5  6  7  8  9 |
---------------+----------------------------+-----
Invocations    | 3 4 5 6 |  6.0
Axes           | 10 11 12 | 12.3
Armour         | 3 |  3.1
Fighting       | 4 |  4.0
Shields        | 3 4 |  4.1
Dodging        | |  0.9

Action                   |  1- 3 |  4- 6 |  7- 9 || total
-------------------------+-------+-------+-------++-------
Melee: Hand axe          |    70 |   170 |   117 ||   357
       Punch             |       |     1 |     3 ||     4
       Unarmed           |       |       |     1 ||     1
       Battleaxe         |       |       |   122 ||   122
 Fire: Hunting sling     |       |       |    11 ||    11
Throw: Dart              |       |       |     7 ||     7
Invok: Depart the Abyss  |     1 |       |       ||     1
       Bend Space        |       |     2 |    11 ||    13
       Banish            |       |       |     1 ||     1
 Abil: Dig               |       |       |     1 ||     1
Evoke: Wand              |       |       |     2 ||     2
  Use: Scroll            |     3 |       |     8 ||    11
       Potion            |     1 |     2 |       ||     3
Armor: Leather armour    |    22 |       |       ||    22
       Ring mail         |       |    51 |    16 ||    67
       Skin              |       |       |     4 ||     4
       Chain mail        |       |       |    62 ||    62
Dodge: Dodged            |    46 |    92 |   104 ||   242
Block: Tower shield      |       |       |    43 ||    43

Table legend: (Time is in decaauts)
 A = Elapsed time spent in this place.
 B = Non-inter-level travel time spent in this place.
 C = Inter-level travel time spent in this place.
 D = Time resting spent in this place.
 E = Time spent auto-exploring this place.
 F = Levels seen in this place.
 G = Mean time per level.
                   A        B        C        D        E       F      G
               +--------+--------+--------+--------+--------+-----+--------+
         Total |   8406 |   7921 |    485 |   1905 |   4628 |   7 | 1200.9 |
       Dungeon |   8349 |   7864 |    485 |   1905 |   4628 |   6 | 1391.5 |
         Abyss |     57 |     57 |      0 |      0 |      0 |   1 |   57.0 |
               +--------+--------+--------+--------+--------+-----+--------+

Top non-repeatable levels by time:
     D:5: 1862 daAuts
     D:4: 1618 daAuts
     D:1: 1540 daAuts
     D:3: 1376 daAuts
     D:6: 1093 daAuts
     D:2: 857 daAuts
 Abyss:1: 57 daAuts
